 Dungeon Crawl Stone Soup version 0.32-a0-666-ge8a88695a4 (webtiles) character file.

Game seed: 9081391871506130616

947 backslashecho the Cleaver (level 7, -5/61 HPs)
             Began as a Mountain Dwarf Fighter on Mar 9, 2024.
             Was a Follower of Trog.
             Blown up by Pikel (19 damage)
             ... with a mindburst bolt
             ... on level 5 of the Dungeon.
             The game lasted 00:08:09 (3836 turns).

backslashecho the Cleaver (Mountain Dwarf Fighter)  Turns: 3836, Time: 00:08:10

Health: -5/61      AC: 11    Str: 20    XL:     7   Next: 89%
Magic:  7/7        EV:  9    Int:  9    God:    Trog [*.....]
Gold:   237        SH:  5    Dex:  9    Spells: 6/6 levels left

rFire   . . .        a - +1 war axe (elec)
rCold   . . .        c - +0 buckler
rNeg    . . .        b - +0 scale mail
rPois   .            q - +0 helmet
rElec   .            l - +0 cloak
rCorr   .            s - +0 pair of gloves
SInv    .            o - +0 pair of boots
Will    .....        (no amulet) Stlth
                     (no ring)
HPRegen 0.30/turn    (no ring)
MPRegen 0.10/turn

%: no passive effects
@: no status effects
A: runic magic, artefact enchanting
a: Renounce Religion, Berserk


You were on level 5 of the Dungeon.
You worshipped Trog.
Trog was aware of your devotion.
You visited 2 branches of the dungeon, and saw 6 of its levels.

You collected 237 gold pieces.

Inventory:

Hand Weapons
 a - a +1 war axe of electrocution (weapon)
Missiles
 x - 2 poisoned darts
Armour
 b - a +0 scale mail (worn)
 c - a +0 buckler (worn)
 l - a +0 cloak (worn)
 o - a +0 pair of boots (worn)
 q - a +0 helmet (worn)
 s - a +0 pair of gloves (worn)
Jewellery
 d - a ring of magical power
 r - a +6 ring of intelligence
Wands
 v - a wand of digging (6)
Scrolls
 g - a scroll of fear {unknown}
 h - 3 scrolls of vulnerability {unknown}
 i - 7 scrolls of identify
 j - 4 scrolls of teleportation {unknown}
 k - 2 scrolls of enchant armour {unknown}
 w - a scroll of amnesia {unknown}
 y - a scroll of immolation {unknown}
Potions
 e - a potion of attraction {unknown}
 f - 2 potions of haste
 m - a potion of degeneration {unknown}
 n - a potion of curing {unknown}
 p - 2 potions of mutation {unknown}
 u - a potion of enlightenment {unknown}


   Skills:
 - Level 5.0 Fighting
 * Level 8.5 Axes
 - Level 3.2 Armour
 + Level 6.2 Shields


You had 6 spell levels left.
You didn't know any spells.
Your spell library contained the following spells:

 Spells                   Type           Power      Damage    Failure   Level
 Foxfire                  Conj/Fire      0%         2x1d4     54%         1
 Magic Dart               Conj           0%         1d3       54%         1
 Blink                    Tloc           0%         N/A       67%         2
 Call Imp                 Summ           0%         N/A       67%         2
 Plasma Beam              Fire/Air       0%         2x1d10    100%        6
 Starburst                Conj/Fire      0%         6d3       100%        6
 Malign Gateway           Summ/Tloc      0%         N/A       100%        7
 Summon Horrible Things   Summ           0%         N/A       100%        8


Dungeon Overview and Level Annotations

Branches:
Dungeon (5/15)             Temple (1/1) D:4

Altars:
Ashenzari
Cheibriados
Elyvilon
Fedhas
Gozag
Hepliaklqana
Kikubaaqudgha
Nemelex Xobeh
Okawaru
Trog
Uskayaw
Wu Jian
Xom
Yredelemnul
Zin
The Shining One

Annotations:
D:5 Pikel


Innate Abilities, Weirdness & Mutations

Your spellcasting is much less encumbered by armour.
You can use scrolls of enchantment on lesser artefacts.


Message History

You barely miss the jackal. The jackal barely misses you.
The lemure hits you but does no damage.
You closely miss the lemure.
The lemure is lightly wounded.
You hit the jackal.
The jackal bites you but does no damage. x2
You hit the lemure.
The lemure is moderately wounded.
You hit the jackal but do no damage. You closely miss the lemure.
The lemure hits you.
The jackal bites you but does no damage.
The lemure closely misses you. You block the lemure's attack.
The lemure hits you.
The jackal bites you but does no damage.
You take 4 damage, and have 42/61 hp.
You hit the lemure but do no damage.
The lemure is moderately wounded.
You hit the lemure but do no damage. Lightning courses through the lemure!
You hit the jackal. The jackal closely misses you. The lemure hits you.
You take 1 damage, and have 41/61 hp.
You hit the lemure.
The lemure is moderately wounded.
You hit the jackal. Lightning courses through the jackal!
You kill the jackal!
Trog accepts your kill.
You hit the lemure. The lemure barely misses you.
The lemure hits you but does no damage.
You hit the lemure.
The lemure is heavily wounded.
You slash the lemure! The lemure barely misses you. The lemure hits you!
You take 7 damage, and have 34/61 hp.
You slash the lemure!
The lemure is almost dead.
You completely miss the lemure. The lemure barely misses you.
The lemure misses you.
You hit the lemure but do no damage.
The lemure is almost dead.
You barely miss the lemure. The lemure closely misses you.
The lemure barely misses you. The lemure hits you.
The jackal barely misses you. The lemure closely misses you.
There is a dry fountain here.
You take 3 damage, and have 32/61 hp.
The lemure attacks as it pursues you! The lemure closely misses you.
The jackal bites you but does no damage.
You open the door. The jackal bites you.
The lemure hits you but does no damage.
You take 3 damage, and have 29/61 hp.
You slash the lemure!
You kill the lemure!
That felt strangely unrewarding.
You hit the jackal but do no damage. You slash the lemure!
You kill the lemure!
That felt strangely unrewarding.
You block the jackal's attack. The jackal closely misses you.
The lemure hits you but does no damage.
There is an open door here.
The jackal barely misses you. The jackal attacks as it pursues you!
You block the jackal's attack. The jackal completely misses you.
You closely miss the jackal.
The jackal bites you but does no damage.
You completely miss the jackal. The jackal closely misses you.
The jackal barely misses you.
You slash the jackal!
You kill the jackal!
Trog accepts your kill.
You slash the lemure!
The lemure is moderately wounded.
You block the lemure's attack. x2
You slash the lemure!
The lemure is severely wounded.
The lemure hits you but does no damage.
You closely miss the lemure.
The lemure is severely wounded.
The lemure hits you but does no damage.
You slash the lemure!
The lemure is almost dead.
The lemure hits you but does no damage.
You slash the lemure!
You kill the lemure!
That felt strangely unrewarding.
Throw: throwing net
Press: ? - help, Shift-Dir - straight line, f - Pikel
Aim: Pikel, wielding a +0 whip of electrocution, wearing a +0 robe and carrying a wand of mindburst (43% to hit)
You throw a throwing net. The throwing net closely misses Pikel.
Pikel zaps a wand.
Your mind is blasted!
* * * LOW HITPOINT WARNING * * *
You take 19 damage, and have 14/61 hp.
MASSIVE DAMAGE!!
You don't have any such object.
Fire/throw/use which item? ([*] to toss any item) (? for menu, Esc to quit)
Okay, then.
Unknown command.
Okay, then.
Unknown command.
Okay, then.
You closely miss Pikel.
Pikel cracks his whip.
Pikel zaps a wand.
Your mind is blasted!
You die...
Pikel says, "Another soul for the market."

######## #......#
#......#
###......#
#........ #.# ....
#@###'###
#K#...†.##########
#.#.⌠.⌠.#.........
#.'.._..'..#######
###.⌠.⌠.##.## #
#.....##..# ####
###+#####.###...
#..#.##..##.##
#........#.#


You could see Pikel.

Vanquished Creatures
  Grinder (D:3)
  A centaur (D:5)
  4 lemures (D:5)
  A scorpion (D:5)
  4 wights
  A bombardier beetle (D:5)
  A hound (D:5)
  An orc priest (D:4)
  3 iguanas
  2 orc wizards
  Robin (D:2)
  7 gnolls
  3 adders
  2 dart slugs
  A ribbon worm (D:3)
  8 orcs
  9 ball pythons
  2 endoplasms
  A giant cockroach (D:1)
  10 hobgoblins
  4 jackals
  9 kobolds
  A quokka (D:3)
  4 bats
  5 frilled lizards
  11 goblins
  8 rats
  A spectral goblin (D:1)
106 creatures vanquished.

Notes
Turn   | Place    | Note
-------+----------+-------------------------------------------
     0 | D:1      | backslashecho the Mountain Dwarf Fighter began the quest
                  | for the Orb.
     0 | D:1      | Reached XP level 1. HP: 19/19 MP: 1/1
   272 | D:1      | Reached XP level 2. HP: 23/26 MP: 2/2
   296 | D:1      | Reached skill level 3 in Axes
   412 | D:1      | Found a faded altar of an unknown god.
   631 | D:1      | You fall into a shaft and drop 1 floor!
  1044 | D:2      | Reached XP level 3. HP: 33/33 MP: 3/3
  1176 | D:2      | Noticed Robin
  1218 | D:2      | Killed Robin
  1222 | D:2      | Reached skill level 4 in Axes
  1802 | D:3      | Reached XP level 4. HP: 40/40 MP: 4/4
  1932 | D:3      | Noticed Grinder
  1945 | D:3      | Paralysed by Grinder for 5 turns
  1957 | D:3      | Killed Grinder
  1958 | D:3      | Reached skill level 5 in Axes
  1958 | D:3      | Reached XP level 5. HP: 27/47 MP: 5/5
  2059 | D:3      | Reached XP level 6. HP: 53/53 MP: 6/6
  2349 | D:4      | Found a staircase to the Ecumenical Temple.
  2408 | Temple   | Entered the Ecumenical Temple
  2419 | Temple   | Became a worshipper of Trog the Wrathful
  2454 | D:4      | Reached skill level 6 in Axes
  3037 | D:4      | Reached skill level 5 in Shields
  3044 | D:4      | Reached skill level 5 in Fighting
  3209 | D:5      | Entered Level 5 of the Dungeon
  3215 | D:4      | Reached XP level 7. HP: 21/61 MP: 7/7
  3361 | D:5      | Reached skill level 7 in Axes
  3361 | D:5      | Reached * piety under Trog
  3678 | D:5      | Reached skill level 8 in Axes
  3797 | D:5      | Found a hazy altar of Hepliaklqana.
  3802 | D:5      | Noticed Pikel
  3836 | D:5      | Blown up by Pikel

Illustrated notes

Levels and vault maps discovered:
D:1:      saegor_arrival_simple_d, layout_basic,
          dreamdust_ecumenical_altar_drowned_temple
D:2:      layout_basic, grunt_ministairs_7, kennysheep_decorative_pillar,
          uniq_robin
D:3:      layout_loops_cross, uniq_grinder
D:4:      layout_gridville, minmay_temple_entry_offerings
D:5:      layout_rooms, kennysheep_little_box, grunt_temple_overflow_open,
          uniq_pikel
Temple:   eino_wide_crystal_templ

Skill      XL: |  1  2  3  4  5  6  7 |
---------------+----------------------+-----
Axes           | 3 4 5 6 8 |  8.5
Fighting       | 4 5 |  5.0
Shields        | 4 5 6 |  6.2
Armour         | |  3.2

Action                     |  1- 3 |  4- 6 |  7- 9 || total
---------------------------+-------+-------+-------++-------
  Melee: War axe           |   123 |   131 |    64 ||   318
  Throw: Throwing net      |       |       |     1 ||     1
    Use: Potion            |       |     1 |       ||     1
         Scroll            |       |       |     1 ||     1
 Armour: Scale mail        |   105 |   103 |    68 ||   276
  Dodge: Dodged            |    54 |    54 |    33 ||   141
  Block: Buckler           |    31 |    19 |    11 ||    61

Table legend: (Time is in decaauts)
 A = Elapsed time spent in this place.
 B = Non-inter-level travel time spent in this place.
 C = Inter-level travel time spent in this place.
 D = Time resting spent in this place.
 E = Time spent auto-exploring this place.
 F = Levels seen in this place.
 G = Mean time per level.
                   A        B        C        D        E       F      G
               +--------+--------+--------+--------+--------+-----+--------+
         Total |   3938 |   3774 |    164 |    121 |   2717 |   6 |  656.3 |
       Dungeon |   3915 |   3772 |    143 |    121 |   2717 |   5 |  783.0 |
        Temple |     22 |      1 |     21 |      0 |      0 |   1 |   22.0 |
               +--------+--------+--------+--------+--------+-----+--------+

Top non-repeatable levels by time:
     D:4: 961 daAuts
     D:2: 959 daAuts
     D:1: 784 daAuts
     D:3: 711 daAuts
     D:5: 498 daAuts
  Temple: 22 daAuts
